 Dungeon Crawl Stone Soup version 0.21-a0-372-gd0ff781 (webtiles) character file.

62042 grizmgrazm2 the Bludgeoner (level 15, -5/97 HPs)
             Began as a Gargoyle Fighter on Oct 16, 2017.
             Was the Champion of Okawaru.
             Killed by divine providence
             ... invoked by an orc priest
             ... led by an orc warlord
              (15 damage)
             ... on level 1 of the Orcish Mines.
             The game lasted 01:02:58 (17148 turns).

grizmgrazm2 the Bludgeoner (Gargoyle Fighter)      Turns: 17148, Time: 01:02:59

Health: -5/97      AC: 37    Str: 37    XL:     15   Next: 5%
Magic:  15/15      EV: 12    Int: 12    God:    Okawaru [******]
Gold:   1296       SH:  0    Dex: 12    Spells: 11/14 levels left

rFire    + . .     SeeInvis .   T - +5 flail of Courage {flame, Str+2}
rCold    + . .     Gourm    .   (no shield)
rNeg     + + .     Faith    +   N - +2 shadow dragon scales
rPois    ∞         Spirit   .   L - +1 helmet {Int+3}
rElec    +         Reflect  .   E - +2 cloak {MR+}
rCorr    +         Harm     .   D - +0 pair of gloves {Dex+3}
MR       ++...                  h - +0 pair of boots
Stlth    +++.......             s - amulet of faith
HPRegen  0.26/turn              y - ring of positive energy
MPRegen  0.14/turn              F - +4 ring of strength

@: mighty, resistant, berserk cooldown, hasted and slowed
A: big wings, negative energy resistance 1, electricity resistance, unbreathing,
petrification resistance, rot immunity, AC +11
a: Fly, Heroism, Finesse, Renounce Religion


You were on level 1 of the Orcish Mines.
You worshipped Okawaru.
Okawaru was exalted by your worship.
You were not hungry.

You visited 3 branches of the dungeon, and saw 19 of its levels.

You collected 1608 gold pieces.
You spent 312 gold pieces at shops.

Inventory:

Hand Weapons
 p - a +1 morningstar of flaming
 B - a +1 trident of venom
 M - a +5 war axe of flaming
 O - a +3 glaive of venom
 T - the +5 flail of Courage (weapon) {flame, Str+2}
   (You found it on level 6 of the Lair of Beasts)

   It has been specially enchanted to burn those struck by it, causing extra
   injury to most foes and up to half again as much damage against particularly
   susceptible opponents.
   It affects your strength (+2).
Armour
 h - a +0 pair of boots (worn)
 o - the +0 buckler of Uschulish {-Tele rC+ Slay+5 SInv}
   (Okawaru gifted it to you on level 1 of the Lair of Beasts)

   It affects your accuracy and damage with ranged weapons and melee attacks
   (+5).
   It protects you from cold.
   It lets you see invisible.
   It prevents most forms of teleportation.
 D - a +0 pair of gloves of dexterity (worn)
 E - a +2 cloak of magic resistance (worn)
 G - a +2 cloak of invisibility
 J - a +0 large shield of cold resistance
 L - a +1 helmet of intelligence (worn)
 N - +2 shadow dragon scales (worn)
Jewellery
 c - an uncursed ring of stealth
 m - an uncursed amulet of the gourmand
 q - an uncursed ring of positive energy
 s - an amulet of faith (around neck)
 y - a ring of positive energy (left hand)
 C - an uncursed ring of protection from fire
 F - a +4 ring of strength (right hand)
 K - an uncursed ring of resist corrosion
 R - a +4 ring of strength
 V - a +3 ring of intelligence
Wands
 P - a wand of flame (39/48)
 Y - a wand of paralysis (15/24)
Scrolls
 a - 4 scrolls of recharging
 b - a scroll of silence
 d - 11 scrolls of teleportation
 e - 3 scrolls of remove curse
 i - 3 scrolls of amnesia
 r - 2 scrolls of fog
 H - 2 scrolls of identify
Potions
 j - a potion of ambrosia
 n - 3 potions of magic
 t - 6 potions of brilliance
 u - 3 potions of cancellation
 v - a potion of berserk rage
 Q - a potion of invisibility
Books
 A - a book of Misfortune

   Spells                             Type                      Level
   a - Confusing Touch                Hexes                        1
   b - Confuse                        Hexes                        3
   c - Gell's Gravitas                Translocation                3
   d - Petrify                        Transmutation/Earth          4
   e - Metabolic Englaciation         Hexes/Ice                    5
   f - Yara's Violent Unravelling     Hexes/Transmutation          5
 U - a book of Power

   Spells                             Type                      Level
   a - Iskenderun's Battlesphere      Conjuration/Charms           5
   b - Venom Bolt                     Conjuration/Poison           5
   c - Bolt of Magma                  Conjuration/Fire/Earth       5
   d - Iron Shot                      Conjuration/Earth            6
   e - Orb of Destruction             Conjuration                  7
   f - Spellforged Servitor           Conjuration/Summoning        7
 W - a Necronomicon

   Spells                             Type                      Level
   a - Haunt                          Necromancy/Summoning         7
   b - Borgnjor's Revivification      Necromancy                   8
   c - Death's Door                   Charms/Necromancy            8
   d - Infestation                    Necromancy                   8
   e - Necromutation                  Transmutation/Necromancy     8
Comestibles
 f - 9 bread rations
 g - 13 fruits
 l - 9 royal jellies
 z - 7 meat rations


   Skills:
 + Level 12.7 Fighting
 + Level 4.6(10.5) Axes
 + Level 15.1(15.4) Maces & Flails
 + Level 2.5(3.9) Polearms
 + Level 11.8 Armour
 + Level 5.4 Dodging
 + Level 4.1 Stealth
 + Level 12.0 Shields


You had 11 spell levels left.
You knew the following spells:

 Your Spells              Type           Power        Failure   Level  Hunger
a - Conjure Flame         Conj/Fire      #.......     96%         3    ####...


Dungeon Overview and Level Annotations

Branches:
Dungeon (12/15)            Temple (0/1) D:7            Lair (6/6) D:9
  Swamp (0/4) Lair:3       Spider (0/4) Lair:2        Slime (0/5) Lair:5
    Orc (1/2) D:12

Altars:
Cheibriados
Dithmenos
Elyvilon
Fedhas
Gozag
Okawaru
Qazlal
Ru
Sif Muna
Trog
Xom
Yredelemnul
The Shining One
Beogh
Jiyva

Shops:
D:6 *   D:9 :

Annotations:
D:9 exclusion: ice statue
Lair:1 exclusion: 2 oklob plants


Innate Abilities, Weirdness & Mutations

You are resistant to torment.
Your stone body is resilient. (AC +11)
You are immune to poison.
Your large and strong wings let you fly indefinitely.
You resist negative energy. (rN+)
You are resistant to electric shocks. (rElec)
You can survive without breathing.
You are immune to petrification.
You are immune to rotting.


Message History

You bludgeon the orc warrior!! You burn the orc warrior.
You kill the orc warrior!
Okawaru accepts your kill.
The orc priest miscasts a cantrip.
An orc wizard appears from thin air!
The orc warrior throws a tomahawk.
The tomahawk closely misses you.
Things that are here:
a tomahawk; a war axe; 58 gold pieces The orc seems to regain its courage.
The orc priest closely misses you.
You sock the orc priest! You burn the orc priest.
You kill the orc priest!
Okawaru accepts your kill.
The orc wizard gestures wildly while chanting.
The orc wizard seems to speed up.
Items here: $ ) [ † a trident; a chain mail; 17 gold pieces; an orc corpse The orc priest invokes the aid of Beogh against you.
Beogh smites you!
You die...

........(##^.## ###......##
..............###.........#
....................#.....##
.......o.oo........#...#...#
.....#....o.....).)[.......#
.........o#..)..))(.).....#
##.#.#.#.##..o............##
#########............>....#
##.#$.@..........##
####..##<..)))...#
##.##....))..##
...##.......# $..####......#
##.## #.......# ##
##.......# #...##.## ##.##
.#


You could see an orc warrior, an orc priest, an orc wizard and an orc.

Vanquished Creatures
  An orc warlord (Orc:1)
  Snorg (Lair:3)
  6 hydras
  4 catoblepae (Lair:6)
  3 two-headed ogres
  7 death yaks (Lair:6)
  Nergalle (Lair:2)
  Pikel (D:9)
  3 orc sorcerers
  2 manticores
  4 slime creatures (D:12)
  Joseph (D:7)
  Maurice (D:8)
  16 elephants
  3 black mambas
  27 spiny frogs
  A kobold demonologist (D:11)
  A rime drake (Lair:4)
  8 komodo dragons
  3 trolls
  A jumping spider (Lair:2)
  3 polar bears
  5 dream sheep (Lair:6)
  7 hippogriffs
  A meliai zombie (D:11)
  8 blink frogs
  A spriggan (D:9)
  2 shadows
  3 wraiths
  2 wyverns (Lair:3)
  46 yaks
  A basilisk (Lair:3)
  2 hungry ghosts
  A steam dragon (D:11)
  6 vampire mosquitoes
  A soldier ant (D:12)
  16 water moccasins
  Duvessa (D:7)
  11 porcupines
  2 sky beasts
  15 orc warriors
  2 eyes of draining
  2 ice beasts
  2 necrophages
  4 centaurs
  6 ogres
  3 phantoms
  13 crocodiles
  18 bullfrogs
  Dowan (D:7)
  4 scorpions
  4 troll zombies (D:12)
  15 killer bees
  5 wights
  2 howler monkeys
  An electric eel (Lair:1)
  A centaur zombie (D:9)
  10 crimson imps
  2 bullfrog zombies
  8 hounds
  2 jellies
  Crazy Yiuf (D:6)
  A quasit (D:7)
  11 orc priests
  2 bullfrog skeletons
  3 iguanas
  12 orc wizards
  6 worker ants
  4 ogre zombies (D:12)
  2 hound skeletons
  9 adders
  4 gnolls
  2 shadow imps
  2 oozes
  3 adder skeletons
  An adder zombie (D:8)
  4 worms
  5 dart slugs
  10 leopard geckos
  43 orcs
  3 ball pythons
  9 giant cockroaches
  5 goblins
  9 hobgoblins
  3 jackals
  8 quokkas
  12 bats
  9 frilled lizards
  2 goblin skeletons (D:12)
  3 goblin zombies (D:12)
  5 hobgoblin skeletons (D:12)
  2 hobgoblin zombies (D:12)
  A jackal skeleton (D:5)
  7 kobolds
  2 leopard gecko skeletons
  3 orc skeletons (D:12)
  10 orc zombies (D:12)
  2 quokka zombies
  5 rats
  A fungus (Lair:1)
  A plant (Lair:6)
561 creatures vanquished.

Vanquished Creatures (others)
  A necrophage (D:9)
  A centaur (D:9)
  An orc wizard (Orc:1)
  A bullfrog skeleton (D:9)
  An orc (Orc:1)
  3 bushes (Lair:6)
  18 fungi
  19 plants
45 creatures vanquished.

Grand Total: 606 creatures vanquished

Notes
Turn   | Place    | Note
-------+----------+-------------------------------------------
     0 | D:1      | grizmgrazm2 the Gargoyle Fighter began the quest for the Orb.
     0 | D:1      | Reached XP level 1. HP: 14/14 MP: 1/1
    30 | D:1      | Reached XP level 2. HP: 19/19 MP: 2/2
   155 | D:1      | Reached XP level 3. HP: 24/24 MP: 3/3
   952 | D:2      | Reached XP level 4. HP: 20/29 MP: 4/4
  1032 | D:2      | Found an iron altar of Okawaru.
  1033 | D:2      | Reached skill level 3 in Maces & Flails
  1198 | D:2      | Found a deep blue altar of Sif Muna.
  1361 | D:2      | Became a worshipper of Warmaster Okawaru
  1447 | D:3      | Found a faded altar of an unknown god.
  1526 | D:3      | Found a blossoming altar of Fedhas.
  1539 | D:3      | Reached XP level 5. HP: 28/33 MP: 5/5
  1551 | D:3      | Found an opulent altar of Gozag.
  1796 | D:3      | Found a glowing golden altar of the Shining One.
  1827 | D:3      | Found a white marble altar of Elyvilon.
  2227 | D:4      | Found a shadowy altar of Dithmenos.
  2507 | D:4      | Reached XP level 6. HP: 34/39 MP: 6/6
  2564 | D:4      | Noticed a water moccasin
  2566 | D:4      | Reached skill level 4 in Maces & Flails
  2591 | D:4      | Killed a water moccasin
  2591 | D:4      | Reached * piety under Okawaru
  2941 | D:4      | Reached skill level 1 in Dodging
  3002 | D:4      | Found a shimmering altar of Xom.
  3002 | D:4      | Found a shimmering altar of Xom.
  3004 | D:4      | Found a shimmering altar of Xom.
  3016 | D:4      | Found a shimmering altar of Xom.
  3016 | D:4      | Found a shimmering altar of Xom.
  3040 | D:4      | Found a shimmering altar of Xom.
  3155 | D:4      | Found a sacrificial altar of Ru.
  3319 | D:5      | Entered Level 5 of the Dungeon
  3324 | D:5      | Noticed a water moccasin
  3326 | D:5      | Reached XP level 7. HP: 38/44 MP: 7/7
  3334 | D:5      | Reached ** piety under Okawaru
  3334 | D:5      | Reached skill level 5 in Maces & Flails
  3399 | D:5      | Reached skill level 5 in Shields
  3427 | D:5      | Reached skill level 5 in Armour
  3428 | D:5      | Found an iron altar of Okawaru.
  3689 | D:5      | Reached skill level 5 in Fighting
  3689 | D:5      | Reached XP level 8. HP: 48/49 MP: 8/8
  3886 | D:5      | Found an iron altar of Okawaru.
  3950 | D:5      | Reached skill level 6 in Maces & Flails
  4044 | D:6      | Found Ukhlups's Assorted Antiques.
  4051 | D:6      | Bought a scroll labeled XOMOHAJOSS for 32 gold pieces
  4051 | D:6      | Bought a scroll labeled SIESUPN XOCWAC for 32 gold pieces
  4051 | D:6      | Bought a copper ring for 160 gold pieces
  4051 | D:6      | Bought a scroll labeled LUGROBL ZOXU for 32 gold pieces
  4051 | D:6      | Bought an orange potion for 28 gold pieces
  4051 | D:6      | Bought a bubbling black potion for 28 gold pieces
  4200 | D:6      | Found a bloodstained altar of Trog.
  4246 | D:6      | Reached *** piety under Okawaru
  4246 | D:6      | Reached skill level 1 in Stealth
  4425 | D:6      | Found a stormy altar of Qazlal.
  4430 | D:6      | Found a snail-covered altar of Cheibriados.
  4534 | D:6      | Found a runed door.
  4538 | D:6      | Noticed Crazy Yiuf
  4542 | D:6      | Killed Crazy Yiuf
  4625 | D:7      | Noticed a yak
  4643 | D:7      | Killed a yak
  4645 | D:7      | Noticed a yak
  4645 | D:7      | Noticed a yak
  4658 | D:7      | Killed a yak
  4658 | D:7      | Reached skill level 7 in Maces & Flails
  4658 | D:7      | Reached XP level 9. HP: 36/55 MP: 9/9
  4871 | D:7      | Reached **** piety under Okawaru
  4873 | D:7      | Identified the Handbook of Stones and Talismans
  4961 | D:7      | Noticed Duvessa
  4964 | D:7      | Noticed Dowan
  4990 | D:7      | Killed Duvessa
  4990 | D:7      | Reached skill level 8 in Maces & Flails
  5000 | D:7      | Killed Dowan
  5016 | D:7      | Noticed Joseph
  5047 | D:7      | Killed Joseph
  5190 | D:7      | Learned a level 3 spell: Conjure Flame
  5224 | D:7      | Got a polished scale mail
  5235 | D:7      | Identified the +6 scale mail of the Guilds {MP+9 Str+2} (You found it on level 7 of the Dungeon)
  5370 | D:7      | Found a staircase to the Ecumenical Temple.
  5674 | D:8      | Noticed Maurice
  5698 | D:8      | Reached ***** piety under Okawaru
  5794 | D:8      | Reached skill level 9 in Maces & Flails
  5794 | D:8      | Reached XP level 10. HP: 58/61 MP: 10/10
  5838 | D:8      | Killed Maurice
  5858 | D:8      | Found a white marble altar of Elyvilon.
  5883 | D:8      | Noticed a two-headed ogre
  5890 | D:8      | Killed a two-headed ogre
  5924 | D:8      | Found a basalt altar of Yredelemnul.
  6022 | D:8      | Identified a scroll of acquirement
  6805 | D:9      | Reached skill level 10 in Maces & Flails
  7008 | D:9      | Noticed Pikel
  7029 | D:9      | Killed Pikel
  7029 | D:9      | Received a gift from Okawaru
  7199 | D:9      | Found a staircase to the Lair.
  7200 | D:9      | Found Heum's Book Boutique.
  7209 | D:9      | Noticed a two-headed ogre
  7217 | D:9      | Killed a two-headed ogre
  7217 | D:9      | Reached XP level 11. HP: 53/68 MP: 11/11
  7378 | Lair:1   | Entered Level 1 of the Lair of Beasts
  7395 | Lair:1   | Reached skill level 1 in Axes
  7789 | Lair:1   | Received a gift from Okawaru
  7790 | Lair:1   | Got a pitted buckler {god gift}
  7801 | Lair:1   | Identified the +0 buckler of Uschulish {-Tele rC+ Slay+5 SInv} (Okawaru gifted it to you on level 1 of the Lair of Beasts)
  7838 | Lair:1   | Noticed an oklob plant
  7839 | Lair:1   | Noticed an oklob plant
  7914 | Lair:1   | Reached ****** piety under Okawaru
  8069 | Lair:1   | Reached skill level 10 in Shields
  8094 | Lair:1   | Noticed a six-headed hydra
  8113 | Lair:1   | Killed a six-headed hydra
  8365 | Lair:1   | Noticed an eight-headed hydra
  8371 | Lair:1   | Killed an eight-headed hydra
  8371 | Lair:1   | Reached skill level 11 in Maces & Flails
  8631 | Lair:2   | Reached XP level 12. HP: 61/75 MP: 12/12
  8784 | Lair:2   | Noticed Nergalle
  8798 | Lair:2   | Killed Nergalle
  8950 | Lair:2   | Found a hole to the Spider Nest.
  9695 | Lair:3   | Reached skill level 12 in Maces & Flails
  9909 | Lair:3   | Received a gift from Okawaru
 10024 | Lair:3   | Noticed Snorg
 10039 | Lair:3   | Killed Snorg
 10096 | Lair:3   | Reached skill level 10 in Fighting
 10117 | Lair:3   | Found a staircase to the Swamp.
 10186 | Lair:3   | Noticed a seven-headed hydra
 10197 | Lair:3   | Killed a seven-headed hydra
 10492 | Lair:3   | Reached XP level 13. HP: 83/83 MP: 13/13
 10516 | Lair:3   | Reached skill level 13 in Maces & Flails
 11314 | Lair:4   | Reached skill level 10 in Armour
 11478 | Lair:4   | You fall through a shaft for 2 floors!
 11478 | Lair:6   | Entered Level 6 of the Lair of Beasts
 11836 | Lair:5   | Found a staircase to the Slime Pits.
 11836 | Lair:5   | Found a viscous altar of Jiyva.
 11994 | Lair:5   | Received a gift from Okawaru
 12659 | Lair:6   | Reached skill level 14 in Maces & Flails
 13057 | Lair:6   | Received a gift from Okawaru
 13057 | Lair:6   | Gained mutation: Your large and strong wings let you fly indefinitely. [Gargoyle growth]
 13057 | Lair:6   | Reached XP level 14. HP: 48/90 MP: 14/14
 13173 | Lair:6   | Reached skill level 1 in Polearms
 13745 | Lair:6   | Reached skill level 5 in Dodging
 13763 | Lair:6   | Got a jewelled flail
 13764 | Lair:6   | Identified the +5 flail of Courage {flame, Str+2} (You found it on level 6 of the Lair of Beasts)
 14004 | Lair:6   | Received a gift from Okawaru
 14845 | D:10     | Entered Level 10 of the Dungeon
 15373 | D:11     | Found a transporter.
 15802 | D:11     | Found a roughly hewn altar of Beogh.
 15880 | D:11     | Found a transporter.
 16254 | D:12     | Reached skill level 15 in Maces & Flails
 16457 | D:12     | Found a staircase to the Orcish Mines.
 16732 | D:12     | Received a gift from Okawaru
 16987 | Orc:1    | Entered Level 1 of the Orcish Mines
 17080 | Orc:1    | Noticed an orc warlord
 17099 | Orc:1    | Killed an orc warlord
 17099 | Orc:1    | Reached XP level 15. HP: 74/97 MP: 15/15
 17148 | Orc:1    | Killed from afar by an orc priest

Vault maps used:
D:1:      kennysheep_arrival_forest, minmay_misc_feat_columns
D:2:      overflow_temple_1_default, okawaru_gym_becter
D:3:      overflow_temple_1_default, overflow_temple_1_default,
          marbit_many_paths, chequers_ecumenical_altar_simple_redux,
          elyvilon_altar_5
D:4:      xom_redecorated, grunt_dithmenos_smoke_and_mirrors,
          nicolae_ru_path_of_blood, first_bread, minmay_small_thing
D:5:      nicolae_overflow_crystal_walls, basic_altar
D:6:      grunt_temple_overflow_open, serial_shops, shop, minmay_crystal_room,
          uniq_crazy_yiuf_cottage
D:7:      minmay_temple_entry_glassed_door, uniq_duvessa, uniq_joseph
D:8:      kennysheep_ying_yang, uniq_maurice
D:9:      lair_entry_dummy, serial_shops, nicolae_shop_trees, the_bakery,
          minivault_16, uniq_pikel
D:10:     minmay_joined_circles
D:11:     gammafunk_beogh_shrine, minmay_statues_item, dk_noncrumbling_4
D:12:     zombieorc2_lemuel, lab_entry_generic, abandoned_shop
Lair:1:   cheibrodos_lair_river_kwai, minivault_19, minmay_lair_oklob_chamber,
          serial_bayou_shore_a
Lair:2:   spider_nest_entry_rubble, nicolae_volcano_entry_s_turn,
          beast_lair_carwin_2, uniq_nergalle
Lair:3:   minmay_swamp_entry_swarm, grunt_megastairs_5, uniq_snorg
Lair:5:   slime_altar_1, beast_lair_carwin_10, lemuel_fruit_tree,
          infiniplex_staircase_pool_2
Lair:6:   evilmike_catoblepas_cave, st_stairs_4,
          grunt_forest_small_clearing_treed
Orc:1:    serial_shops, shop, nicolae_shop_waterfront, nicolae_shop_crystal,
          shop, shop, uniq_harold

Skill      XL: |  1  2  3  4  5  6  7  8  9 10 11 12 13 14 |
---------------+-------------------------------------------+-----
Maces & Flails | 3 4 5 7 9 10 11 12 14 15 | 15.1
Fighting       | 4 5 6 7 8 10 11 12 | 12.7
Shields        | 4 5 6 7 9 10 11 12 | 12.0
Armour         | 4 5 6 7 8 9 10 11 | 11.8
Dodging        | 1 2 3 4 5 |  5.4
Stealth        | 1 2 4 |  4.1
Axes           | 4 |  4.6
Polearms       | 2 |  2.5

Action                   |  1- 3 |  4- 6 |  7- 9 | 10-12 | 13-15 || total
-------------------------+-------+-------+-------+-------+-------++-------
Melee: Flail             |   169 |   153 |       |       |   523 ||   845
       Morningstar       |       |    91 |   326 |   440 |   303 ||  1160
       War axe           |       |       |       |    83 |     5 ||    88
       Glaive            |       |       |       |       |    54 ||    54
  Use: Scroll            |     3 |     8 |     8 |    11 |    16 ||    46
       Potion            |       |     1 |       |     6 |    15 ||    22
 Stab: Distracted        |       |       |       |     1 |     3 ||     4
       Sleeping          |       |       |       |       |     7 ||     7
  Eat: Chunk             |     1 |    15 |     8 |    11 |     2 ||    37
       Meat ration       |       |       |     1 |       |       ||     1
       Bread ration      |       |       |       |     1 |     4 ||     5
Armor: Scale mail        |   100 |   154 |   181 |    90 |       ||   525
       Shadow dragon sca |       |       |       |   270 |   664 ||   934
Dodge: Dodged            |    57 |    81 |   107 |   166 |   503 ||   914
Block: Shield            |    84 |   112 |   208 |     9 |       ||   413
       Large shield      |       |       |       |   165 |       ||   165
       Buckler           |       |       |       |    87 |   291 ||   378

Table legend:
 A = Spawn XP
 B = Non-spawn XP
 C = Spawn XP percentage of total XP
 D = Spawn monster count
 E = Non-spawn monster count
 F = Spawn count percentage of total count
 G = Total turns spent on level
                    A         B        C        D         E        F      G
               +---------+---------+-------+---------+---------+-------+---------
         Total |       0 |   88632 |   0.0 |       0 |     559 |   0.0 | 17148
               +---------+---------+-------+---------+---------+-------+---------
           D:1 |       0 |      62 |   0.0 |       0 |      29 |   0.0 |   703
           D:2 |       0 |      66 |   0.0 |       0 |      24 |   0.0 |   676
           D:3 |       0 |      75 |   0.0 |       0 |      23 |   0.0 |   833
           D:4 |       0 |     379 |   0.0 |       0 |      17 |   0.0 |  1107
           D:5 |       0 |     787 |   0.0 |       0 |      19 |   0.0 |   692
           D:6 |       0 |     474 |   0.0 |       0 |      13 |   0.0 |   577
           D:7 |       0 |    2456 |   0.0 |       0 |      29 |   0.0 |  1001
           D:8 |       0 |    2193 |   0.0 |       0 |      18 |   0.0 |  1055
           D:9 |       0 |    3475 |   0.0 |       0 |      37 |   0.0 |   761
          D:10 |       0 |    2883 |   0.0 |       0 |      28 |   0.0 |   484
          D:11 |       0 |    5450 |   0.0 |       0 |      43 |   0.0 |   880
          D:12 |       0 |    3542 |   0.0 |       0 |      56 |   0.0 |   778
        Lair:1 |       0 |    7111 |   0.0 |       0 |      27 |   0.0 |  1217
        Lair:2 |       0 |    5301 |   0.0 |       0 |      17 |   0.0 |  1121
        Lair:3 |       0 |   10693 |   0.0 |       0 |      38 |   0.0 |  1229
        Lair:4 |       0 |    3652 |   0.0 |       0 |      18 |   0.0 |   665
        Lair:5 |       0 |    8897 |   0.0 |       0 |      27 |   0.0 |  1140
        Lair:6 |       0 |   27033 |   0.0 |       0 |      66 |   0.0 |  2068
         Orc:1 |       0 |    4103 |   0.0 |       0 |      30 |   0.0 |   161
               +---------+---------+-------+---------+---------+-------+---------
